Frizzbo, neutral female sylph Wizard ------------ ###...........-# --- ------ ---- -------- # |....<.....|# +.+ +....+ |((| |..[...|### #|..........| |.| |....| |).| |..|....# ###------------ |.----+-----....----|--+-----...| # |........!......a..G...@........|### |.-|-----+--...E%%.--|---|---...|# |.|. |..| |....af{|....|.. |...|# |.|..|..| |.......|....|(%%|....# |.----|-----.......|.._%|%%.|...| |.............{..[.|....|%%%|...| |.------+--------.----------|...| |.|)![!| |(((.|)+ |...| |.-/?].| |(((.-)| +...| |.|.)?[| |((..|[| |...| |.---------------.-----------...| |................)).............| --------------------------------- Frizzbo the Thaumaturge Experience level: 6 Strength: 11 Dexterity: 9 Constitution: 13 Intelligence: 16 Wisdom: 19 Charisma: 10 Health: 0(45) Energy: 82(87) Def: 1 Gold: 418 Moves: 4717 Dungeon seed: 9Gl71_ZAZdmAxRTY Game ID: Frizzbo_1467206165 Your Inventory: Coins $ - 418 gold pieces Weapons L - the blessed +1 Sting (weapon in hand) Armor e - an uncursed +0 cloak of magic resistance (being worn) n - a blessed +1 cloak of invisibility r - an uncursed +0 pair of kicking boots V - an uncursed +0 elven leather helm X - an uncursed +2 elven leather helm Comestibles o - 4 uncursed food rations R - an uncursed tripe ration Scrolls l - 2 uncursed scrolls of teleportation s - 4 uncursed scrolls of identify x - an uncursed scroll of water E - an uncursed scroll of light H - an uncursed scroll of charging I - 2 uncursed scrolls of confuse monster Potions f - an uncursed potion of gain energy g - an uncursed potion of healing h - an uncursed potion of hallucination m - a potion of unholy water p - an uncursed potion of levitation t - an uncursed potion of confusion z - a blessed potion of hallucination C - an uncursed potion of water G - an uncursed potion of sleeping Z - a cursed potion of monster detection Wands D - an uncursed wand of make invisible (0:4) M - an uncursed wand of striking (0:4) Tools w - an uncursed tin whistle B - an uncursed blindfold K - an uncursed credit card O - an uncursed tinning kit (0:47) Q - an uncursed expensive camera (0:79) U - an uncursed tallow candle (0:200) Gems q - 3 uncursed worthless pieces of orange glass y - 2 uncursed worthless pieces of red glass N - an uncursed worthless piece of white glass P - 2 uncursed worthless pieces of black glass S - an uncursed amethyst stone T - an uncursed topaz stone Y - an uncursed worthless piece of blue glass Spells and supernatural/magical abilities: Name Level Category Fail Memory a - force bolt 1 attack 0% 77% k - knock 1 matter 0% 77% m - magic missile 2 attack 0% 99% n - detect monsters 1 divination 0% 80% W - pray for help -- divine ? -- Your skills at the end: Miscellaneous Skills wands [Basic] Weapon Skills dagger [Basic] quarterstaff [Basic] Spellcasting Skills attack spells [Skilled] enchantment spells [Basic] Final Attributes: You were devoutly aligned. You were magic-protected. You saw invisible. You were aware of the presence of orcs. You had infravision. You were stealthy. You were protected from shape changers. You are dead. Vanquished creatures: a plains centaur a gnome mummy a snake 4 Woodland-elves an orc shaman a fog cloud a shrieker 3 gnome lords a gnomish wizard a red naga hatchling a gray ooze a ghoul 8 dwarves a homunculus 4 killer bees 2 gas spores 3 hobbits an acid blob a large kobold 7 geckos 4 giant rats a brown mold a yellow mold a green mold 2 red molds 18 gnomes a gnome zombie 2 jackals a fox a kobold 5 newts 4 goblins 3 sewer rats 4 grid bugs 2 lichens 94 creatures vanquished. Voluntary challenges: You followed a strict vegan diet. You had did not eat until turn 2235. You did not adorn yourself with jewelry or accessories. You used a wielded weapon 77 times, starting on turn 2. You did not apply a unicorn horn. You read items or engraved 4 times, starting on turn 707. You never genocided any monsters. You never polymorphed an object. You never changed form. You used no wishes. You never split a pudding. You never wrote Elbereth's name. You never violated your personal moral code. Dungeon overview: The Dungeons of Doom: levels 1 to 3 Level 1 a fountain a long staircase Level 2 (locked store) a general store Level 3 an altar to Ptah, some fountains stairs to The Gnomish Mines The Gnomish Mines: levels 4 to 7 Level 4 stairs to The Dungeons of Doom Level 5 Level 6 Level 7 <- You were here some shops, a temple to Thoth, a magic chest, some fountains History has recorded: On T:1 you entered the Dungeons of Doom to retrieve the Amulet of Yendor! On T:697 you reached level 2 of The Dungeons of Doom. On T:700 you advanced to experience level 2. On T:1198 you reached level 3 of The Dungeons of Doom. On T:1304 you advanced to experience level 3. On T:2258 you advanced to experience level 4. On T:2489 you reached level 1 of The Gnomish Mines. On T:2974 you advanced to experience level 5. On T:3011 you reached level 2 of The Gnomish Mines. On T:3349 you reached level 3 of The Gnomish Mines. On T:3697 you advanced to experience level 6. On T:4091 you reached level 4 of The Gnomish Mines. On T:4243 you entered the Minetown temple On T:4503 you opened a magic chest. On T:4507 you opened a magic chest. On T:4538 you opened a magic chest. Score breakdown: Gold: 418 ( 41 points) Experience: 6 levels ( 500 points) Exploration: 7 levels ( 180 points) Discoveries: 12 items ( 600 points) Variety of kills: 35 monsters ( 1750 points) Major goal: reached Minetown ( 500 points) Survival: died (score multiplied by 3) Total score: 10713 Latest messages: You miss the killer bee. The killer bee stings! (3x) Taco misses the killer bee. The killer bee stings! Taco misses the killer bee. The killer bee stings! (2x) Taco misses the killer bee. There are several objects here. The killer bee stings! You kill the killer bee! The killer bee stings! (4x) t - a milky potion. You see here a killer bee corpse. The killer bee stings! Taco misses the killer bee. The killer bee stings! Taco misses the killer bee. The killer bee stings Taco. The killer bee stings! (2x) Taco misses the killer bee. The spell hits the killer bee! You kill the killer bee! The killer bee stings! (2x) You die... Final status: Goodbye Frizzbo the Wizard, killed by a killer bee... You died in The Gnomish Mines on dungeon level 7 with 10713 points, and 418 pieces of gold, after 4717 moves. You were level 6 with a maximum of 45 hit points when you died.